[Event "13th Senioren-Cup Tegernsee 2025"]
[Site "Rottach-Egern"]
[Date "2025.04.02"]
[Round "5.1"]
[White "Schneider-Zinner, Harald"]
[Black "Kolthoff, Siegmund"]
[Result "1-0"]
[Annotator "RC"]
[ECO "A12"]
[WhiteElo "2327"]
[BlackElo "2121"]
[PlyCount "113"]
[EventDate "2025.03.25"]
[EventType "swiss"]
[EventCountry "GER"]
[SourceTitle "playchess.com"]
[Source "ChessBase"]
[SourceQuality "1"]
[TimeControl "9000+30"]

1. Nf3 d5 2. b3 Bf5 3. Bb2 e6 4. c4 c6 5. g3 Nd7 6. Bg2 Ngf6 7. d3 h6 8. O-O Be7 9. e3 O-O 10. Qe2 Bh7 11. Rd1 a5 12. Nc3 Bc5 13. e4 dxe4 14. Nxe4 Be7 15. Nc3 Qb6 16. d4 Rfe8 17. h3 Qa6 18. Qe3 Rad8 19. Ne5 Qb6 20. f4 Nxe5 21. fxe5 Nd7 22. Kh2 Qc7 23. Rf1 Rf8 24. Rae1 Bg5 25. Qe2 Nb6 26. Qf2 Bd3 27. Rg1 Bg6 28. Ne4 Be7 29. Nd6 Nd7 30. Ba3 Nb8 31. Be4 Na6 32. Qc2 Bxe4 33. Qxe4 Nb4 34. Bxb4 axb4 35. c5 Ra8 36. Rg2 b6 37. Rf1 Ra7 38. Rgf2 Bxd6 39. cxd6 Qd7 40. Rc1 Rc8 41. Rfc2 c5 42. dxc5 bxc5 43. Rxc5 Rxa2+ 44. R1c2 Rxc5 45. Rxa2 g6 46. Qxb4 Rxe5 47. Ra8+ Kg7 48. Qd4 Qb5 49. Ra2 Kg8 50. Qf2 Rf5 51. Qd4 e5 52. Qd2 Qd7 53. Qxh6 Qd8 54. Qh4 Rf6 55. d7 Kg7 56. Rd2 Kf8 57. Qxf6 1-0

[Event "13th Senioren-Cup Tegernsee 2025"]
[Site "Rottach-Egern"]
[Date "2025.04.02"]
[Round "5.2"]
[White "Belke, Frank"]
[Black "Schrems, Hermann"]
[Result "1-0"]
[Annotator "RC"]
[ECO "D26"]
[WhiteElo "2235"]
[BlackElo "2114"]
[PlyCount "165"]
[EventDate "2025.03.25"]
[EventType "swiss"]
[EventCountry "GER"]
[SourceTitle "playchess.com"]
[Source "ChessBase"]
[SourceQuality "1"]
[TimeControl "9000+30"]

1. d4 d5 2. c4 dxc4 3. Nf3 Nf6 4. e3 a6 5. Bxc4 e6 6. Be2 Nbd7 7. O-O c5 8. Nc3 Qc7 9. Bd2 b6 10. Rc1 Bb7 11. dxc5 bxc5 12. b4 Be7 13. bxc5 O-O 14. Na4 Rfc8 15. c6 Bxc6 16. Nd4 Qb7 17. Nxc6 Rxc6 18. Bf3 Nd5 19. Nc3 N7f6 20. Nxd5 exd5 21. Rxc6 Qxc6 22. Qa1 Ne4 23. Rc1 Qe6 24. Be1 Ng5 25. Be2 Bf6 26. Bc3 Rc8 27. Bxf6 Rxc1+ 28. Qxc1 gxf6 29. Qc2 Kg7 30. h3 Ne4 31. Qd3 Qc6 32. Qxa6 Qc1+ 33. Bf1 Qa1 34. Qe2 Nc3 35. Qg4+ Kf8 36. Qb4+ Kg7 37. g3 Nxa2 38. Qa5 Qb1 39. Qxd5 Nc3 40. Qc4 Qe1 41. Kg2 Qd2 42. Qg4+ Kf8 43. Bc4 Nd1 44. Qf3 Kg7 45. Bb3 Nc3 46. Qh5 Qd7 47. Bc2 Qd5+ 48. Qxd5 Nxd5 49. Be4 Ne7 50. Kf3 h6 51. Ke2 Kf8 52. Kd3 Nc8 53. Kd4 Ke7 54. Kc5 Nd6 55. Bd3 Ne8 56. Be4 Nd6 57. Bd5 Ne8 58. e4 Nd6 59. Kd4 Nb5+ 60. Ke3 Nd6 61. Kf4 Ne8 62. Kg4 Ng7 63. f4 Kf8 64. Bc4 Ke7 65. f5 Kf8 66. Bb5 Ke7 67. Kf4 Nh5+ 68. Kf3 Ng7 69. g4 h5 70. Ke3 Kd6 71. Kd4 Ke7 72. Kd5 hxg4 73. hxg4 Ne8 74. Bxe8 Kxe8 75. Kd6 Kd8 76. e5 fxe5 77. Kxe5 Ke7 78. f6+ Ke8 79. Kd6 Kd8 80. Kc6 Kc8 81. g5 Kd8 82. Kd6 Ke8 83. Kc7 1-0

[Event "13th Senioren-Cup Tegernsee 2025"]
[Site "Rottach-Egern"]
[Date "2025.04.02"]
[Round "5.3"]
[White "Lindam, Ingo"]
[Black "Pieper, Thomas"]
[Result "1/2-1/2"]
[Annotator "RC"]
[ECO "D00"]
[WhiteElo "2151"]
[BlackElo "2178"]
[PlyCount "44"]
[EventDate "2025.03.25"]
[EventType "swiss"]
[EventCountry "GER"]
[SourceTitle "playchess.com"]
[Source "ChessBase"]
[SourceQuality "1"]
[TimeControl "9000+30"]

1. d4 Nf6 2. Bg5 g6 3. Bxf6 exf6 4. e3 d5 5. c4 dxc4 6. Bxc4 Bd6 7. Nc3 c6 8. Qc2 Nd7 9. h4 h5 10. Nf3 Kf8 11. O-O-O Kg7 12. Ne4 Be7 13. d5 cxd5 14. Bxd5 Qe8 15. Nd4 Nb6 16. Bb3 a5 17. a3 Bg4 18. f3 Rc8 19. Nc3 Bd7 20. Kb1 Bc5 21. Qd3 f5 22. e4 Qe5 1/2-1/2

[Event "13th Senioren-Cup Tegernsee 2025"]
[Site "Rottach-Egern"]
[Date "2025.04.02"]
[Round "5.4"]
[White "Schoetzig, Detlef"]
[Black "Hess, Christian"]
[Result "0-1"]
[Annotator "RC"]
[ECO "B13"]
[WhiteElo "2106"]
[BlackElo "2168"]
[PlyCount "120"]
[EventDate "2025.03.25"]
[EventType "swiss"]
[EventCountry "GER"]
[SourceTitle "playchess.com"]
[Source "ChessBase"]
[SourceQuality "1"]
[TimeControl "9000+30"]

1. d4 d5 2. Nf3 Nf6 3. Bf4 c5 4. e3 Nc6 5. Nc3 cxd4 6. exd4 Bg4 7. Qd2 Bxf3 8. gxf3 e6 9. a3 Be7 10. Rg1 Nh5 11. Be3 Bd6 12. O-O-O a6 13. Be2 g6 14. Rde1 Qc7 15. Bf1 O-O-O 16. h4 Kb8 17. Kb1 Qa5 18. Rd1 Rc8 19. Na2 Qb6 20. Ka1 Na5 21. Nb4 Nc4 22. Bxc4 Rxc4 23. c3 Rhc8 24. Rc1 a5 25. Nd3 Qb5 26. Rc2 b6 27. Rb1 Qd7 28. Ka2 Ra4 29. b4 axb4 30. cxb4 Rxc2+ 31. Qxc2 Ra7 32. Rb3 Rc7 33. Rc3 Rxc3 34. Qxc3 Kb7 35. Qb3 Ng7 36. Nc5+ bxc5 37. bxc5+ Kc8 38. cxd6 Qxd6 39. Qb5 Qc7 40. Kb3 Nf5 41. a4 Qb7 42. Kb4 Nxh4 43. Kc5 Qxb5+ 44. axb5 Kb7 45. Bf4 Nf5 46. Be5 h5 47. b6 h4 48. Bf6 h3 49. Be5 Nh4 50. Kd6 Nxf3 51. Bg3 h2 52. Bxh2 Nxh2 53. Ke7 Nf3 54. Kxf7 e5 55. dxe5 Nxe5+ 56. Ke6 d4 57. Kxe5 d3 58. f4 d2 59. Kf6 d1=Q 60. Kxg6 Qg4+ 0-1

[Event "13th Senioren-Cup Tegernsee 2025"]
[Site "Rottach-Egern"]
[Date "2025.04.02"]
[Round "5.5"]
[White "Mueller, Matthias-Michael"]
[Black "Cordts, Ingo"]
[Result "1/2-1/2"]
[Annotator "RC"]
[ECO "D02"]
[WhiteElo "2307"]
[BlackElo "2151"]
[PlyCount "21"]
[EventDate "2025.03.25"]
[EventType "swiss"]
[EventCountry "GER"]
[SourceTitle "playchess.com"]
[Source "ChessBase"]
[SourceQuality "1"]
[TimeControl "9000+30"]

1. d4 d5 2. Nf3 Nf6 3. Bf4 c5 4. e3 Nc6 5. c3 Qb6 6. Qb3 c4 7. Qc2 Bf5 8. Qc1 h6 9. Nbd2 e6 10. Be2 Be7 11. O-O 1/2-1/2

[Event "13th Senioren-Cup Tegernsee 2025"]
[Site "Rottach-Egern"]
[Date "2025.04.02"]
[Round "5.6"]
[White "Freundorfer, Josef"]
[Black "Heinbuch, Detlef Ulrich"]
[Result "0-1"]
[Annotator "RC"]
[ECO "D00"]
[WhiteElo "2068"]
[BlackElo "2263"]
[PlyCount "52"]
[EventDate "2025.03.25"]
[EventType "swiss"]
[EventCountry "GER"]
[SourceTitle "playchess.com"]
[Source "ChessBase"]
[SourceQuality "1"]
[TimeControl "9000+30"]

1. d4 Nf6 2. Nc3 d5 3. Bf4 e6 4. a3 c5 5. e3 a6 6. Nf3 Nc6 7. Be2 Be7 8. h3 O-O 9. O-O b5 10. dxc5 Bxc5 11. Bd3 Bd6 12. Bxd6 Qxd6 13. e4 d4 14. Ne2 e5 15. Nd2 Nd7 16. f4 exf4 17. Nxf4 Nde5 18. Qh5 Be6 19. Nxe6 fxe6 20. Qe2 Ng6 21. Nf3 Rf6 22. Rae1 Raf8 23. Qf2 Nce5 24. Qg3 Nf4 25. Nxe5 Qxe5 26. Qh2 Nxd3 0-1

[Event "13th Senioren-Cup Tegernsee 2025"]
[Site "Rottach-Egern"]
[Date "2025.04.02"]
[Round "5.7"]
[White "Loew, Gerald"]
[Black "Ernst, Michael"]
[Result "1/2-1/2"]
[Annotator "RC"]
[ECO "B10"]
[WhiteElo "2175"]
[BlackElo "2035"]
[PlyCount "30"]
[EventDate "2025.03.25"]
[EventType "swiss"]
[EventCountry "GER"]
[SourceTitle "playchess.com"]
[Source "ChessBase"]
[SourceQuality "1"]
[TimeControl "9000+30"]

1. c4 c6 2. e4 d5 3. exd5 cxd5 4. cxd5 Nf6 5. Nc3 Nxd5 6. Bc4 Nb6 7. Bb3 Nc6 8. Nf3 Bf5 9. d4 e6 10. O-O Be7 11. a4 O-O 12. a5 Nd5 13. Nxd5 exd5 14. Bd2 Rc8 15. Bc3 Bb4 1/2-1/2

[Event "13th Senioren-Cup Tegernsee 2025"]
[Site "Rottach-Egern"]
[Date "2025.04.02"]
[Round "5.8"]
[White "Kirszenberg, Marc"]
[Black "Schwarz, Arnd-Ruediger"]
[Result "1/2-1/2"]
[Annotator "RC"]
[ECO "E61"]
[WhiteElo "2066"]
[BlackElo "2120"]
[PlyCount "27"]
[EventDate "2025.03.25"]
[EventType "swiss"]
[EventCountry "GER"]
[SourceTitle "playchess.com"]
[Source "ChessBase"]
[SourceQuality "1"]
[TimeControl "9000+30"]

1. d4 Nf6 2. c4 g6 3. Nc3 Bg7 4. Nf3 O-O 5. Bf4 d6 6. e3 Nc6 7. h3 Nd7 8. Be2 e5 9. Bh2 f5 10. O-O e4 11. Nd2 g5 12. Rc1 Nf6 13. a3 Kh8 14. b4 1/2-1/2

[Event "13th Senioren-Cup Tegernsee 2025"]
[Site "Rottach-Egern"]
[Date "2025.04.02"]
[Round "5.9"]
[White "Kannenberg, Karl-Heinz"]
[Black "Pruesse, Horst"]
[Result "1/2-1/2"]
[Annotator "RC"]
[ECO "A34"]
[WhiteElo "2113"]
[BlackElo "2028"]
[PlyCount "34"]
[EventDate "2025.03.25"]
[EventType "swiss"]
[EventCountry "GER"]
[SourceTitle "playchess.com"]
[Source "ChessBase"]
[SourceQuality "1"]
[TimeControl "9000+30"]

1. Nf3 c5 2. c4 Nf6 3. Nc3 g6 4. g3 Bg7 5. Bg2 O-O 6. O-O d5 7. cxd5 Nxd5 8. Qb3 Nb6 9. d3 Nc6 10. Na4 Be6 11. Qb5 Nxa4 12. Qxa4 Qd7 13. Qc2 b6 14. Bd2 Rac8 15. Bc3 Bh6 16. Ne5 Nxe5 17. Bxe5 Bd5 1/2-1/2

[Event "13th Senioren-Cup Tegernsee 2025"]
[Site "Rottach-Egern"]
[Date "2025.04.02"]
[Round "5.10"]
[White "Moritz, Hartmut"]
[Black "Mareck, Sascha"]
[Result "1/2-1/2"]
[Annotator "NA RC"]
[ECO "B21"]
[WhiteElo "2001"]
[BlackElo "2112"]
[PlyCount "49"]
[EventDate "2025.03.25"]
[EventType "swiss"]
[EventCountry "GER"]
[SourceTitle "playchess.com"]
[Source "ChessBase"]
[SourceQuality "1"]
[TimeControl "9000+30"]

1. e4 c5 2. d3 Nc6 3. f4 g6 4. Nf3 Bg7 5. Be2 d6 6. O-O e6 7. c3 Nge7 8. Be3 O-O 9. a4 b6 10. Na3 Bb7 11. Rb1 d5 12. Qc2 Rc8 13. Bf2 Qd7 14. Rbd1 Rfd8 15. h3 d4 16. Nc4 dxc3 17. bxc3 Ba6 18. Nce5 Qb7 19. Nxf7 Kxf7 20. Ng5+ Kg8 21. Bg4 Rf8 22. Bxe6+ Kh8 23. f5 gxf5 24. exf5 Ng8 25. g4 1/2-1/2